 Dungeon Crawl Stone Soup version 0.31-a0-267-g3fc6992b3b (webtiles) character file.

Game seed: 3542455558172546784

3212 qw the Skirmisher (level 9, 0/78 (81) HPs)
             Began as a Minotaur Hexslinger on July 14, 2023.
             Slain by an orc warrior
             ... wielding a +0 halberd
              (2 damage)
             ... on level 8 of the Dungeon.
             The game lasted 00:02:34 (5540 turns).

qw the Skirmisher (Minotaur Hexslinger)             Turns: 5540, Time: 00:02:34

HP:   0/78 (81)     AC:  7    Str: 13    XL:     9   Next: 65%
MP:   9/9           EV: 14    Int: 10    God:
Gold: 194           SH:  5    Dex: 17    Spells: 9/10 levels left

rFire   + . .        b - +1 longbow of Qazlal's Whim {drain, rPois}
rCold   . . .        (shield currently unavailable)
rNeg    . . .        s - +2 leather armour {rF+}
rPois   +            (helmet restricted)
rElec   .            (no cloak)
rCorr   .            (no gloves)
SInv    .            j - +1 pair of boots
Will    .....        g - amulet of reflection
Stlth   +            (no ring)
HPRegen 0.33/turn    (no ring)
MPRegen 0.11/turn

%: reflection
@: lightly drained
A: horns 2, retaliatory headbutt
a: no special abilities


You were on level 8 of the Dungeon.
You visited 2 branches of the dungeon, and saw 9 of its levels.

You collected 383 gold pieces.
You spent 189 gold pieces at shops.


Innate Abilities, Weirdness & Mutations

You have a pair of horns on your head.
You reflexively headbutt those who attack you in melee.


   Skills:
 - Level 8.0 Fighting
 + Level 12.1 Ranged Weapons
 - Level 2.0 Armour
 - Level 5.1 Dodging
 - Level 1.0 Spellcasting
 - Level 2.0 Hexes


You had 9 spell levels left.
You knew the following spells:

 Your Spells              Type           Power      Damage    Failure   Level
a - Slow                  Hex            16%        N/A       19%         1

Your spell library contained the following spells:

 Spells                   Type           Power      Damage    Failure   Level
 Inner Flame              Hex/Fire       2%         N/A       65%         3
 Portal Projectile        Hex/Tloc       4%         N/A       65%         3
 Cause Fear               Hex            2%         N/A       88%         4

Inventory:

Hand Weapons
 b - the +1 longbow of Qazlal's Whim (weapon) {drain, rPois}
   (You acquired it on level 3 of the Dungeon)

   rPois:     It protects you from poison.
Armour
 j - a +1 pair of boots (worn)
 p - +0 steam dragon scales
 s - a +2 leather armour of fire resistance (worn)
Jewellery
 g - an amulet of reflection (around neck)
Scrolls
 a - a scroll of identify
 m - a scroll of brand weapon
Potions
 c - a potion of curing
 d - 2 potions of mutation
 f - 4 potions of enlightenment
 h - a potion of haste
 k - a potion of ambrosia {unknown}
 l - a potion of degeneration {unknown}
 q - a potion of cancellation {unknown}
 r - a potion of invisibility {unknown}

Dungeon Overview and Level Annotations

Branches:
Dungeon (8/15)             Temple (1/1) D:6
   Lair: D:8-11

Altars:
Ashenzari
Cheibriados
Dithmenos
Elyvilon
Fedhas
Gozag
Hepliaklqana
Kikubaaqudgha
Makhleb
Nemelex Xobeh
Okawaru
Ru
Trog
Uskayaw
Wu Jian
Xom
Yredelemnul
Zin
The Shining One

Shops:
D:6 ?

Annotations:
D:6 1 runed translucent door, qw's ghost, novice GrHs


Message History

The gnoll closely misses you. The gnoll completely misses you.
The orc barely misses you.
You shoot an arrow. The arrow hits the orc!
You kill the orc!
The orc warrior seems less drained.
The gnoll hits you from afar with a +2 spear of freezing.
The gnoll freezes you. The gnoll misses you.
You shoot an arrow. The arrow barely misses the gnoll.
The gnoll is no longer moving quickly.
The gnoll misses you. The gnoll hits you but does no damage.
The gnoll hits you from afar with a +2 spear of freezing.
The gnoll freezes you.
You shoot an arrow. The arrow hits the gnoll.
The gnoll is lightly wounded.
You block the gnoll's attack.
The gnoll hits you from afar with a +2 spear of freezing.
The gnoll freezes you.
The gnoll hits you from afar with a +0 spear.
You shoot an arrow. The arrow hits the gnoll!
You drain the gnoll.
You kill the gnoll!
The gnoll completely misses you.
You shoot an arrow. The arrow hits the gnoll.
The gnoll is lightly wounded.
The gnoll closely misses you.
You shoot an arrow.
The arrow hits the orc but does no damage.
You drain the orc.
The orc is moderately wounded.
The gnoll hits you but does no damage.
The orc hits you with a +0 dagger of protection.
The orc barely misses you.
You shoot an arrow. The arrow hits the orc!
You kill the orc!
The gnoll misses you. The orc hits you with a +0 dagger.
The orc warrior hits you from afar with a +0 halberd!
You shoot an arrow. The arrow hits the orc!!
You kill the orc!
The gnoll hits you but does no damage.
The orc warrior hits you from afar with a +0 halberd.
You die...

....##..'....'...#
....#####....###.##
##### #....'....#
#....###..# #....#
#..# #....###..#
#....#.)|.###
#....#.#....#
#....#.#@.#.#
#....#..))#.#
####go......
.g...#.#. g#...#..
oo'..#$ ... ..
##.... .. ... .#...
. ... ..#...


You could see an orc warrior and 2 gnolls.

Vanquished Creatures
  Maggie (D:8)
  A steam dragon (D:7)
  3 ice beasts
  A sky beast (D:8)
  A black bear (D:5)
  2 ogres (D:6)
  2 phantoms
  2 centaurs
  2 bullfrogs (D:7)
  A gnoll sergeant (D:7)
  8 scorpions
  A wight (D:7)
  3 howler monkeys (D:7)
  3 jellies
  3 orc priests
  2 gnoll boudas
  2 hounds (D:6)
  Terence (D:3)
  2 iguanas
  2 sleepcaps
  Natasha (thrice) (D:2)
  7 orc wizards
  11 gnolls
  11 adders
  A shadow imp (D:6)
  2 white imps
  An ufetubus (D:4)
  2 worms (D:2)
  4 dart slugs
  28 orcs
  4 endoplasms
  4 giant cockroaches
  6 goblins
  9 hobgoblins
  2 jackals (D:4)
  3 quokkas
  4 ball pythons
  6 bats
  2 frilled lizards (D:1)
  5 kobolds
  11 rats
169 creatures vanquished.

Notes
Turn   | Place    | Note
-------+----------+-------------------------------------------
     0 | D:1      | qw the Minotaur Hexslinger began the quest for the Orb.
     0 | D:1      | Reached XP level 1. HP: 16/16 MP: 1/1
     0 | D:1      | 0 ||| qw: Version: 0.3-a-52-g30416fa
     0 | D:1      | 0 ||| qw: Game counter: 7829
     0 | D:1      | 0 ||| qw: Melee chars always use a shield: true
     0 | D:1      | 0 ||| qw: God list: Okawaru
     0 | D:1      | 0 ||| qw: Allow faded altars: false
     0 | D:1      | 0 ||| qw: Do Orc after clearing Dungeon:15 true
     0 | D:1      | 0 ||| qw: Do second Lair branch before Depths: true
     0 | D:1      | 0 ||| qw: Lair rune preference: random
     0 | D:1      | 0 ||| qw: Goals: Normal
     0 | D:1      | 0 ||| PLANNING D:1-11
   424 | D:1      | Reached skill level 3 in Ranged Weapons
   535 | D:1      | Reached XP level 2. HP: 23/23 MP: 2/2
   834 | D:1      | 834 ||| UPGRADING to +0 ring mail.
   844 | D:1      | 844 ||| DROPPING +0 robe.
   845 | D:1      | 845 ||| UPGRADING to +0 pair of boots.
   850 | D:1      | 850 ||| READING 2 scrolls labelled INEGYU EQAEDDA.
   851 | D:1      | 851 ||| READING scroll labelled LUVEUN OSSIM.
   852 | D:1      | 852 ||| READING scroll labelled DETHRITAWYN.
   853 | D:1      | 853 ||| DROPPING scroll of poison.
   904 | D:2      | Reached XP level 3. HP: 29/29 MP: 3/3
   907 | D:2      | Noticed Natasha
   908 | D:2      | 908 ||| FLEEEEING.
   911 | D:2      | 911 ||| STAIRDANCE
   944 | D:2      | Killed Natasha
   945 | D:2      | Reached skill level 4 in Ranged Weapons
   994 | D:2      | 994 ||| FLEEEEING.
   995 | D:2      | 995 ||| STAIRDANCE
  1007 | D:2      | 1007 ||| STAIRDANCE
  1033 | D:2      | 1033 ||| STAIRDANCE
  1040 | D:1      | Reached skill level 1 in Armour
  1057 | D:2      | Reached XP level 4. HP: 36/36 MP: 4/4
  1247 | D:2      | Noticed Natasha
  1252 | D:2      | Killed Natasha
  1253 | D:2      | Reached skill level 5 in Ranged Weapons
  1554 | D:2      | Noticed Natasha
  1560 | D:2      | Killed Natasha
  1561 | D:2      | Reached skill level 3 in Fighting
  1561 | D:2      | Reached XP level 5. HP: 42/45 MP: 5/5
  1718 | D:2      | 1718 ||| READING scroll labelled ZITTOR WEUNG.
  1762 | D:3      | Found an ornate altar of the Wu Jian Council.
  1762 | D:3      | Noticed Terence
  1776 | D:3      | Killed Terence
  1972 | D:3      | Found a sparkling altar of Nemelex Xobeh.
  2065 | D:3      | 2065 ||| READING 2 scrolls labelled NELOUWKYIJ.
  2066 | D:3      | 2066 ||| READING scroll labelled ZAEL GYEGIRPHEM.
  2067 | D:3      | 2067 ||| DRINKING 3 smoky white potions.
  2068 | D:3      | 2068 ||| DROPPING scroll of revelation.
  2134 | D:4      | Reached skill level 6 in Ranged Weapons
  2134 | D:4      | Reached XP level 6. HP: 25/51 MP: 6/6
  2137 | D:4      | HP: 11/51 [hobgoblin (2)]
  2144 | D:4      | HP: 9/51 [hobgoblin (1)]
  2183 | D:4      | 2183 ||| FLEEEEING.
  2383 | D:4      | Reached skill level 7 in Ranged Weapons
  2597 | D:4      | Found a hazy altar of Hepliaklqana.
  2631 | D:4      | Found a shimmering altar of Xom.
  2632 | D:4      | Noticed a spectral ugly thing
  2669 | D:4      | Found an iron altar of Okawaru.
  2671 | D:4      | 2671 ||| PLANNING OKAWARU WORSHIP
  2706 | D:4      | Reached XP level 7. HP: 59/59 MP: 7/7
  2837 | D:4      | Identified the +7 dagger of the End of Times {venom, Str+2}
  2907 | D:4      | 2907 ||| STAIRDANCE
  2911 | D:3      | Reached skill level 8 in Ranged Weapons
  2959 | D:3      | 2959 ||| UPGRADING to +0 leather armour of fire resistance.
  2969 | D:3      | 2969 ||| UPGRADING to amulet of reflection.
  2974 | D:3      | 2974 ||| READING scroll labelled TOAGUTHAUCH.
  2975 | D:3      | 2975 ||| READING scroll labelled IPSOMECLAN.
  2975 | D:3      | Identified a scroll of acquirement
  2975 | D:3      | 2975 ||| ACQUIRING +1 longbow of Qazlal's Whim {drain,
                  | rPois}
  2975 | D:3      | Acquired the +1 longbow of Qazlal's Whim {drain, rPois}
  2977 | D:3      | 2977 ||| SWAPPING to +1 longbow of Qazlal's Whim {drain,
                  | rPois}.
  2978 | D:3      | 2978 ||| DROPPING +2 sling.
  2979 | D:3      | 2979 ||| READING scroll labelled XESCHA KUNN.
  3160 | D:4      | 3160 ||| READING scroll labelled JIUKOOR WEWOTT.
  3161 | D:4      | 3161 ||| PLANNING D:1-11
  3176 | D:5      | Entered Level 5 of the Dungeon
  3195 | D:5      | 3195 ||| READING scroll of enchant armour.
  3195 | D:5      | 3195 ||| ENCHANTING +0 pair of boots.
  3255 | D:5      | Reached skill level 3 in Dodging
  3331 | D:5      | 3331 ||| FLEEEEING.
  3332 | D:5      | 3332 ||| FLEEEEING.
  3333 | D:5      | 3333 ||| FLEEEEING.
  3334 | D:5      | 3334 ||| FLEEEEING.
  3335 | D:5      | 3335 ||| FLEEEEING.
  3337 | D:5      | 3337 ||| FLEEEEING.
  3338 | D:5      | 3338 ||| FLEEEEING.
  3339 | D:5      | 3339 ||| FLEEEEING.
  3340 | D:5      | 3340 ||| FLEEEEING.
  3341 | D:5      | 3341 ||| FLEEEEING.
  3344 | D:5      | Reached XP level 8. HP: 58/68 MP: 8/8
  3348 | D:5      | 3348 ||| STAIRDANCE
  3523 | D:5      | Reached skill level 9 in Ranged Weapons
  3567 | D:5      | Found a shadowy altar of Dithmenos.
  3622 | D:5      | 3622 ||| READING 3 scrolls labelled LUBYNK ENUNUA.
  3623 | D:5      | 3623 ||| DROPPING 2 scrolls of fog.
  3642 | D:6      | Found Toynkaix's Magic Scroll Shop.
  3655 | D:6      | 3655 ||| BUYING scroll of brand weapon (133 gold).
  3655 | D:6      | Bought a scroll of brand weapon for 133 gold pieces
  3655 | D:6      | 3655 ||| SHOPLISTING scroll of enchant armour (105 gold,
                  | have 86).
  3655 | D:6      | 3655 ||| BUYING scroll of identify (28 gold).
  3655 | D:6      | Bought a scroll of identify for 28 gold pieces
  3655 | D:6      | 3655 ||| BUYING scroll of identify (28 gold).
  3655 | D:6      | Bought a scroll of identify for 28 gold pieces
  3662 | D:6      | 3662 ||| Stepping ~*~*~tactically~*~*~ (outnumbered).
  3664 | D:6      | 3664 ||| Stepping ~*~*~tactically~*~*~ (outnumbered).
  3667 | D:6      | 3667 ||| Stepping ~*~*~tactically~*~*~ (outnumbered).
  3668 | D:6      | 3668 ||| Stepping ~*~*~tactically~*~*~ (outnumbered).
  3670 | D:6      | Reached skill level 6 in Fighting
  3698 | D:6      | 3698 ||| FLEEEEING.
  3699 | D:6      | 3699 ||| FLEEEEING.
  3700 | D:6      | 3700 ||| FLEEEEING.
  3701 | D:6      | 3701 ||| FLEEEEING.
  3702 | D:6      | 3702 ||| FLEEEEING.
  3703 | D:6      | 3703 ||| FLEEEEING.
  3704 | D:6      | 3704 ||| FLEEEEING.
  3705 | D:6      | 3705 ||| FLEEEEING.
  3706 | D:6      | 3706 ||| FLEEEEING.
  3798 | D:6      | Reached skill level 10 in Ranged Weapons
  3824 | D:6      | 3824 ||| Stepping ~*~*~tactically~*~*~ (outnumbered).
  4163 | D:6      | Found a runed translucent door.
  4164 | D:6      | Noticed qw's ghost (novice GrHs)
  4205 | D:6      | Found a staircase to the Ecumenical Temple.
  4206 | D:6      | 4206 ||| PLANNING TEMPLE
  4206 | D:6      | 4206 ||| READING 4 scrolls of identify.
  4206 | D:6      | 4206 ||| IDENTIFYING clear potion
  4207 | D:6      | 4207 ||| READING 3 scrolls of identify.
  4207 | D:6      | 4207 ||| IDENTIFYING sedimented cyan potion
  4208 | D:6      | 4208 ||| READING 2 scrolls of identify.
  4208 | D:6      | 4208 ||| IDENTIFYING golden potion
  4214 | Temple   | Entered the Ecumenical Temple
  4227 | Temple   | 4227 ||| PLANNING D:1-11
  4341 | D:7      | Reached XP level 9. HP: 79/79 MP: 9/9
  4361 | D:7      | 4361 ||| Stepping ~*~*~tactically~*~*~ (outnumbered).
  4363 | D:7      | 4363 ||| Stepping ~*~*~tactically~*~*~ (outnumbered).
  4378 | D:7      | Reached skill level 11 in Ranged Weapons
  4681 | D:7      | 4681 ||| Stepping ~*~*~tactically~*~*~ (outnumbered).
  4683 | D:7      | 4683 ||| Stepping ~*~*~tactically~*~*~ (outnumbered).
  4685 | D:7      | 4685 ||| Stepping ~*~*~tactically~*~*~ (outnumbered).
  4687 | D:7      | 4687 ||| Stepping ~*~*~tactically~*~*~ (outnumbered).
  4689 | D:7      | 4689 ||| Stepping ~*~*~tactically~*~*~ (outnumbered).
  4929 | D:7      | Found a snail-covered altar of Cheibriados.
  5145 | D:7      | 5145 ||| DROPPING +0 ring mail.
  5146 | D:7      | 5146 ||| UPGRADING to +2 leather armour of fire resistance.
  5156 | D:7      | 5156 ||| DROPPING +0 leather armour of fire resistance.
  5157 | D:7      | 5157 ||| READING 2 scrolls of identify.
  5157 | D:7      | 5157 ||| IDENTIFYING lumpy ruby potion
  5187 | D:8      | Noticed Maggie
  5192 | D:8      | 5192 ||| STAIRDANCE
  5233 | D:8      | HP: 11/72 [Maggie/+0 glaive of draining (13)]
  5234 | D:8      | 5234 ||| READING scroll of teleportation.
  5235 | D:8      | 5235 ||| DRINKING potion of heal wounds.
  5238 | D:8      | HP: 14/71 [Maggie/+0 glaive of draining (10)]
  5239 | D:8      | Killed Maggie
  5240 | D:8      | Reached skill level 12 in Ranged Weapons
  5512 | D:8      | 5512 ||| Stepping ~*~*~tactically~*~*~ (outnumbered).
  5515 | D:8      | 5515 ||| Stepping ~*~*~tactically~*~*~ (outnumbered).
  5524 | D:8      | 5524 ||| Stepping ~*~*~tactically~*~*~ (outnumbered).
  5534 | D:8      | HP: 18/78 [gnoll/+2 spear of freezing[a gnoll bouda] (2)]
  5539 | D:8      | HP: 8/78 [orc/+0 dagger (1)]
  5539 | D:8      | HP: 1/78 [orc warrior/+0 halberd (7)]
  5540 | D:8      | Slain by an orc warrior

Levels and vault maps discovered:
D:1:      dpeg_arrival_ratfight, layout_basic, minmay_misc_feat_rows
D:2:      layout_loops_cross, uniq_natasha
D:3:      layout_basic, mainiacjoe_overflow_brackets, nzn_wu_jian_contemplation,
          uniq_terence
D:4:      layout_rooms, regret_index_temple_of_mockery, general_overflow_altar,
          wad_floor_pattern_1, grunt_ministairs_15
D:5:      layout_rooms, lemuel_round_altar, hangedman_abyss_or_decor_stagger
D:6:      layout_rooms, temple_green, serial_shops, shop, gammafunk_ghost_grave
D:7:      layout_basic, cheibriados_altar_2, minmay_fractal_squares_5
D:8:      layout_basic, vehumet_statue, nicolae_qazlal_beasts_of_the_sky,
          uniq_maggie
Temple:   hellmonk_temple_two_chambers

Skill      XL: |  1  2  3  4  5  6  7  8  9 |
---------------+----------------------------+-----
Ranged Weapons | 3 4 5 6 7 8 10 12 | 12.1
Fighting       | 2 3 4 5 7 8 |  8.0
Armour         | 1 2 |  2.0
Dodging        | 3 4 5 |  5.1
Spellcasting   | |  1.0
Hexes          | |  2.0

Action                     |  1- 3 |  4- 6 |  7- 9 || total
---------------------------+-------+-------+-------++-------
   Fire: Sling             |    76 |   208 |    28 ||   312
         Longbow           |       |       |   228 ||   228
    Use: Scroll            |     3 |     3 |    11 ||    17
         Potion            |       |     1 |     1 ||     2
 Armour: Robe              |     2 |       |       ||     2
         Ring mail         |    11 |    46 |     5 ||    62
         Leather armour    |       |       |    17 ||    17
  Dodge: Dodged            |    33 |    67 |    77 ||   177
  Block: Other             |       |       |    19 ||    19
         Reflection        |       |       |     2 ||     2

Table legend:
 A = Non-vault XP
 B = Vault XP
 C = Vault XP percentage of total XP
 D = Non-vault monster count
 E = Vault monster count
 F = Vault count percentage of total count
                 A         B        C        D         E       F
            +---------+---------+-------+---------+---------+-------
      Total |    3372 |    1220 |  26.6 |     153 |      16 |   9.5
            +---------+---------+-------+---------+---------+-------
        D:1 |      40 |       5 |  11.1 |      17 |       5 |  22.7
        D:2 |     159 |      35 |  18.0 |      24 |       1 |   4.0
        D:3 |     146 |      38 |  20.7 |      12 |       1 |   7.7
        D:4 |     504 |      38 |   7.0 |      29 |       2 |   6.5
        D:5 |     682 |       0 |   0.0 |      19 |       0 |   0.0
        D:6 |    1063 |       0 |   0.0 |      26 |       0 |   0.0
        D:7 |     567 |     582 |  50.7 |      15 |       5 |  25.0
        D:8 |     211 |     522 |  71.2 |      11 |       2 |  15.4
            +---------+---------+-------+---------+---------+-------
